Map: Abyssal Caverns

Players

WheresWaldo - Winner!

  • Race: Protoss Protoss
  • Spawn Location: 1:00

Throwfordays

  • Race: Protoss Protoss
  • League: Silver
  • Spawn Location: 7:00

Archamond - Winner!

  • Race: Protoss Protoss
  • Spawn Location: 3:00

SlushyStar - Winner!

  • Race: Terran Terran
  • Spawn Location: 9:00

VOD

Have the link to the VOD?

Description

Time

  • Played on: Oct. 19, 2019, 12:20 p.m.
  • Length: 13:39
Show
View Real Time Build Order
Export as new Build Order

WheresWaldo Protoss - Winner!

Build Orders:  

Get SALT Encoding   

  12  0:04  Probe (Chrono Boost)  
  14  0:15  Probe (Chrono Boost)  
  14  0:20  Pylon  
  14  0:25  Probe  
  15  0:40  Probe  
  16  1:05  Pylon  
  16  1:08  Pylon  
  16  1:24  Gateway  
  16  1:27  Gateway  
  16  1:34  Gateway  
  16  1:38  Gateway  
  16  1:44  Pylon  
  16  1:51  Forge  
  16  1:55  Pylon  
  16  2:14  Probe  
  17  2:20  Assimilator  
  17  2:26  Assimilator  
  17  2:33  Photon Cannon  
  17  2:39  Photon Cannon  
  17  3:17  Probe (Chrono Boost)  
  19  3:28  Probe (Chrono Boost)  
  19  3:36  Probe (Chrono Boost)  
  20  3:42  Probe (Chrono Boost)  
  21  3:50  Probe (Chrono Boost)  
  22  4:02  Probe (Chrono Boost)  
  23  4:22  Photon Cannon  
  23  4:23  Photon Cannon  
  23  4:25  Photon Cannon  
  23  4:26  Photon Cannon x2  
  23  4:28  Photon Cannon  
  23  4:34  Photon Cannon  
  23  4:36  Photon Cannon  
  23  4:44  Photon Cannon  
  23  4:56  Photon Cannon  
  23  4:59  Photon Cannon  
  23  5:19  Nexus  
  23  5:23  Probe (Chrono Boost)  
  24  5:33  Probe (Chrono Boost)  
  25  5:41  Probe (Chrono Boost)  
  26  5:47  Probe (Chrono Boost)  
  27  5:55  Probe  
  28  6:01  Cybernetics Core  
  28  6:15  Protoss Shields Level 1  
  28  6:45  Probe (Chrono Boost)  
  30  6:55  Probe (Chrono Boost)  
  30  6:57  Protoss Air Weapons Level 1  
  30  7:00  Probe (Chrono Boost)  
  30  7:03  Stargate  
  30  7:04  Stargate  
  30  7:05  Stargate  
  31  7:09  Stargate  
  31  7:11  Probe  
  32  7:24  Probe (Chrono Boost)  
  33  7:32  Probe (Chrono Boost)  
  33  7:36  Probe (Chrono Boost)  
  35  7:42  Probe (Chrono Boost)  
  35  7:44  Probe (Chrono Boost)  
  37  7:47  Probe (Chrono Boost)  
  37  7:50  Probe  
  38  7:58  Probe  
  40  8:04  Probe  
  40  8:05  Assimilator  
  41  8:07  Assimilator  
  41  8:10  Probe  
  42  8:16  Probe  
  43  8:22  Probe  
  44  8:28  Probe  
  45  8:34  Probe  
  46  8:41  Void Ray x3  
  46  8:42  Void Ray  
  62  9:02  Fleet Beacon  
  62  9:05  Protoss Air Armor Level 1  
  62  9:11  Pylon  
  62  9:14  Pylon  
  62  9:16  Pylon  
  62  9:18  Pylon  
  62  9:33  Void Ray x2 (Chrono Boost)  
  70  9:43  Void Ray (Chrono Boost)  
  74  9:53  Void Ray (Chrono Boost)  
  78  10:20  Void Ray x2 (Chrono Boost)  
  86  10:44  Void Ray  
  86  10:48  Void Ray  
  74  12:24  Void Ray x4  
  90  13:01  Nexus  
  90  13:03  Assimilator  
  90  13:08  Assimilator  
  90  13:11  Pylon  
  90  13:13  Pylon  
  90  13:14  Pylon  
  90  13:15  Twilight Council  
Show
View Real Time Build Order
Export as new Build Order

Throwfordays Protoss 

Build Orders: 1 Gate Expand 

Get SALT Encoding   

  12  0:01  Probe  
  13  0:13  Probe (Chrono Boost)  
  14  0:19  Pylon  
  14  0:25  Probe (Chrono Boost)  
  15  0:35  Probe (Chrono Boost)  
  15  0:40  Gateway  
  16  0:44  Assimilator  
  16  0:46  Probe  
  17  0:58  Probe  
  18  1:11  Probe (Chrono Boost)  
  19  1:20  Probe (Chrono Boost)  
  20  1:29  Nexus  
  20  1:36  Pylon  
  20  1:39  Probe  
  21  1:45  Assimilator  
  21  1:51  Probe  
  22  1:59  Cybernetics Core  
  22  2:03  Probe  
  23  2:24  Probe  
  24  2:35  Stargate  
  24  2:37  Stargate  
  24  2:41  Probe (Chrono Boost)  
  26  2:45  Probe (Chrono Boost)  
  26  2:50  Assimilator, Adept  
  29  2:51  Probe (Chrono Boost)  
  29  2:53  Probe (Chrono Boost)  
  29  2:54  Warp Gate  
  30  3:04  Assimilator  
  29  3:15  Probe (Chrono Boost)  
  29  3:18  Probe (Chrono Boost)  
  31  3:24  Probe (Chrono Boost)  
  31  3:26  Void Ray  
  37  3:28  Probe (Chrono Boost)  
  37  3:38  Probe  
  38  3:42  Void Ray  
  42  3:50  Probe  
  43  4:02  Probe (Chrono Boost)  
  45  4:06  Probe (Chrono Boost)  
  45  4:11  Probe (Chrono Boost)  
  46  4:23  Pylon  
  46  4:25  Pylon  
  46  4:40  Pylon, Void Ray  
  46  4:41  Probe x2  
  52  4:46  Void Ray  
  52  4:48  Protoss Air Weapons Level 1 (Chrono Boost)  
  52  4:51  Adept  
  58  4:53  Probe x2 (Chrono Boost)  
  60  5:04  Probe (Chrono Boost)  
  60  5:05  Probe (Chrono Boost)  
  62  5:09  Probe (Chrono Boost)  
  63  5:14  Stargate  
  63  5:18  Stargate  
  63  5:21  Probe x2  
  64  5:26  Void Ray  
  69  5:35  Pylon  
  69  5:53  Void Ray  
  73  6:21  Void Ray  
  77  6:27  Pylon  
  77  6:28  Pylon  
  77  6:30  Pylon  
  77  6:31  Pylon  
  77  6:38  Fleet Beacon  
  77  6:45  Void Ray x2  
  77  6:46  Nexus  
  85  6:47  Protoss Air Armor Level 1  
  85  6:58  Forge  
  85  7:00  Cybernetics Core  
  85  7:05  Twilight Council  
  85  7:19  Assimilator  
  84  7:32  Probe  
  85  7:44  Probe  
  86  7:49  Protoss Air Weapons Level 2  
  78  8:00  Pylon  
  78  8:01  Probe  
  78  8:04  Nexus  
  79  8:08  Assimilator  
  79  8:13  Assimilator, Probe  
  79  8:17  Pylon x2  
  80  8:25  Probe  
  73  8:35  Void Ray  
  73  8:36  Void Ray x3  
  73  8:38  Adept  
  91  8:53  Probe  
  72  9:06  Probe (Chrono Boost)  
  73  9:16  Probe (Chrono Boost)  
  74  9:18  Void Ray  
  74  9:19  Void Ray x3  
  74  9:24  Probe (Chrono Boost)  
  91  9:26  Probe (Chrono Boost)  
  91  9:30  Probe x2 (Chrono Boost)  
  93  9:38  Protoss Shields Level 1 (Chrono Boost)  
  94  9:42  Probe x2  
  96  9:47  Protoss Air Armor Level 2  
  96  9:52  Stargate  
  96  9:54  Probe  
  96  9:56  Stargate  
  97  10:01  Void Ray  
  101  10:24  Nexus  
  101  10:26  Assimilator  
  101  10:29  Void Ray x3  
  101  10:31  Assimilator  
  101  10:34  Pylon  
  113  10:37  Probe  
  113  10:41  Probe  
  115  10:43  Pylon  
  108  10:52  Void Ray  
  108  10:53  Probe  
  109  10:59  Probe (Chrono Boost)  
  111  11:11  Probe (Chrono Boost)  
  111  11:13  Pylon  
  111  11:31  Probe  
  106  11:43  Probe  
  106  11:46  Void Ray x5  
  108  12:12  Void Ray  
  97  12:41  Nexus  
  97  13:02  Pylon  
  97  13:04  Pylon  
  85  13:06  Pylon  
  85  13:08  Pylon  
  85  13:09  Pylon  
Show
View Real Time Build Order
Export as new Build Order

Archamond Protoss - Winner!

Build Orders:  

Get SALT Encoding   

  12  0:04  Probe (Chrono Boost)  
  13  0:16  Probe (Chrono Boost)  
  14  0:33  Probe  
  14  0:35  Pylon  
  15  0:53  Probe  
  16  0:57  Forge  
  16  1:10  Gateway  
  16  1:20  Assimilator  
  16  1:25  Assimilator  
  16  1:32  Pylon, Probe (Chrono Boost)  
  17  1:43  Probe (Chrono Boost)  
  18  1:48  Probe (Chrono Boost)  
  19  2:03  Probe  
  21  2:15  Probe  
  21  2:27  Probe  
  22  2:32  Pylon  
  22  2:43  Nexus  
  22  2:45  Pylon  
  22  2:47  Assimilator  
  22  2:49  Assimilator  
  22  3:07  Cybernetics Core  
  22  3:09  Probe  
  23  3:21  Probe  
  24  3:59  Pylon, Probe (Chrono Boost)  
  24  4:01  Pylon  
  25  4:09  Probe (Chrono Boost)  
  26  4:14  Probe (Chrono Boost)  
  27  4:25  Stargate  
  27  4:26  Stargate, Probe (Chrono Boost)  
  27  4:27  Stargate  
  27  4:31  Stargate  
  28  4:33  Probe (Chrono Boost)  
  30  4:42  Probe (Chrono Boost)  
  30  4:44  Probe (Chrono Boost)  
  31  4:48  Probe (Chrono Boost)  
  31  4:49  Probe (Chrono Boost)  
  33  4:52  Probe  
  34  5:04  Probe  
  35  5:08  Protoss Air Weapons Level 1  
  35  5:11  Void Ray  
  35  5:12  Void Ray  
  43  5:16  Probe  
  44  5:50  Pylon  
  44  5:53  Pylon  
  44  6:03  Void Ray x3 (Chrono Boost)  
  44  6:04  Void Ray (Chrono Boost)  
  60  6:22  Probe  
  61  6:34  Probe  
  62  6:47  Void Ray x2, Probe  
  71  6:59  Probe  
  72  7:04  Photon Cannon  
  72  7:06  Photon Cannon  
  72  7:07  Photon Cannon  
  72  7:09  Photon Cannon  
  72  7:13  Void Ray  
  76  7:58  Void Ray x2 (Chrono Boost)  
  68  8:08  Void Ray (Chrono Boost)  
  68  8:09  Void Ray (Chrono Boost)  
  68  8:28  Protoss Air Armor Level 1  
  47  9:07  Void Ray  
  51  9:15  Pylon  
  51  9:18  Pylon  
  51  9:20  Pylon  
  51  9:24  Pylon  
  51  9:31  Fleet Beacon  
  51  9:33  Void Ray x2  
  51  9:35  Void Ray  
  63  10:09  Void Ray  
  67  10:16  Void Ray  
  67  10:20  Tempest  
  76  10:42  Protoss Air Weapons Level 2 (Chrono Boost)  
  76  10:51  Void Ray  
  76  11:14  Tempest  
  76  11:15  Tempest  
  86  11:23  Pylon  
  86  11:24  Pylon  
  86  11:26  Pylon  
  86  11:28  Pylon  
  86  11:53  Photon Cannon  
  86  11:54  Photon Cannon  
  86  11:55  Photon Cannon x2  
  86  11:57  Photon Cannon  
  86  12:30  Void Ray x2 (Chrono Boost)  
  102  12:38  Void Ray (Chrono Boost)  
  102  12:39  Void Ray (Chrono Boost)  
Show
View Real Time Build Order
Export as new Build Order

SlushyStar Terran - Winner!

Build Orders:  

Get SALT Encoding   

  12  0:02  SCV  
  13  0:14  SCV  
  14  0:22  Supply Depot  
  14  0:27  Refinery  
  14  0:29  SCV  
  15  0:44  SCV  
  16  0:58  SCV  
  16  1:00  Barracks  
  17  1:10  SCV  
  18  1:22  Supply Depot, SCV  
  19  1:34  SCV  
  20  1:40  Engineering Bay  
  20  1:46  SCV  
  21  1:53  Barracks Tech Lab  
  21  1:58  SCV  
  22  2:10  SCV  
  22  2:14  Marauder  
  25  2:22  SCV  
  25  2:29  Missile Turret  
  26  2:36  Marauder  
  28  2:41  Factory  
  28  2:57  Marauder  
  30  3:13  Supply Depot  
  30  3:15  Terran Infantry Weapons Level 1  
  30  3:35  Marauder  
  30  3:37  Command Center  
  32  3:52  Starport  
  32  3:56  Marauder  
  32  3:57  Factory Tech Lab  
  32  4:17  Marine  
  33  4:33  Cyclone  
  33  4:35  Marine  
  37  4:46  Refinery  
  37  4:52  SCV  
  38  4:53  Marine  
  39  5:04  SCV  
  39  5:07  Starport Tech Lab  
  40  5:11  Marine  
  41  5:16  SCV  
  42  5:22  Armory  
  42  5:28  Refinery, SCV, Marine  
  43  5:31  Refinery  
  44  5:38  Hellion  
  44  5:40  SCV  
  47  5:46  Marine  
  47  5:48  Medivac  
  46  6:29  Terran Infantry Armor Level 1  
  46  6:31  Armory  
  46  6:40  Missile Turret  
  46  7:00  Missile Turret  
  46  7:02  Supply Depot  
  46  7:12  Orbital Command  
  46  7:20  Missile Turret  
  46  7:28  Supply Depot  
  46  7:41  Missile Turret  
  46  7:49  Marine  
  46  7:50  SCV, Hellion, Supply Depot x2  
  50  8:00  Missile Turret  
  50  8:02  SCV  
  50  8:03  Liberator  
  54  8:11  Marine  
  54  8:12  Hellion  
  57  8:13  Supply Depot  
  57  8:20  SCV  
  57  8:21  Missile Turret  
  58  8:29  Marine  
  58  8:32  SCV  
  60  8:35  Supply Depot  
  60  8:45  Thor, SCV  
  60  8:47  Marine  
  68  8:51  SCV  
  69  8:57  SCV  
  69  8:58  Supply Depot  
  69  8:59  Terran Vehicle And Ship Armor Level 1  
  70  9:03  SCV  
  70  9:04  Marine  
  70  9:09  SCV  
  73  9:15  SCV  
  74  9:22  Marine  
  75  9:27  SCV  
  75  9:29  Fusion Core  
  76  9:39  SCV  
  76  9:40  Marine  
  78  9:46  Thor  
  84  9:58  Marine  
  85  10:16  Marine  
  86  10:25  Battlecruiser  
  92  10:34  Marine  
  93  10:37  Supply Depot  
  93  10:51  Marine  
  94  10:58  Thor  
  94  10:59  Supply Depot  
  100  11:22  Supply Depot  
  100  11:30  Battlecruiser  
  88  11:41  Thor  
  78  11:47  Supply Depot  
  78  12:34  Battlecruiser  
  84  12:49  Barracks Reactor  
  84  13:24  Starport  
Tags
 
Add a new tag
Caveats
  • Supply blocks, unpowered buildings, or Contaminate may cause inaccurate times.
  • Supply counts are checked every 10 seconds.